 Dungeon Crawl Stone Soup version 0.19-a0-934-gf1df8d1 (webtiles) character file.

28179 Geppetto the Bludgeoner (level 13, -13/205 HPs)
             Began as an Ogre Berserker on July 7, 2016.
             Was a High Priest of Trog.
             Mangled by a six-headed hydra (16 damage)
             ... on level 4 of the Lair of Beasts.
             The game lasted 01:09:58 (18447 turns).

Geppetto the Bludgeoner (Ogre Berserker)           Turns: 18447, Time: 01:09:59

Health: -13/205    AC: -4    Str: 30    XL:     13   Next: 37%
Magic:  22/22      EV: 17    Int:  6    God:    Trog [*****.]
Gold:   948        SH:  0    Dex: 13    Spells: 0 memorised, 12 levels left

rFire  + . .     SeeInvis +     D - +1 giant club
rCold  + + +     Gourm    .     G - +2 robe {rC+ rF+}
rNeg   . . .     Faith    .     (shield currently unavailable)
rPois  .         Spirit   .     M - +1 hat
rElec  .         Dismiss  .     I - +1 cloak
rCorr  .         Reflect  .     (gloves unavailable)
SustAt .         Harm     .     (boots unavailable)
MR     ++++.                    K - amulet of the Burgomaster {rF- rC++ MR+ Regen+ SInv}
Stlth  ..........               E - ring of magical power
                                k - ring of protection from fire

@: berserking, lethally poisoned (-13 -> -13), corroded, regenerating, very
quick, incredibly resistant to hostile enchantments, extremely unstealthy
A: unfitting armour, tough skin 1
a: Berserk, Trog's Hand, Brothers in Arms, Burn Spellbooks, Renounce Religion


You were on level 4 of the Lair of Beasts.
You worshipped Trog.
Trog was extremely pleased with you.
You were very hungry.

You visited 2 branches of the dungeon, and saw 15 of its levels.

You collected 948 gold pieces.

Inventory:

Hand Weapons
 n - a +0 morningstar
 s - a +1 great mace
 D - a +1 giant club (weapon)
Missiles
 d - 152 stones (quivered)
 j - 4 large rocks
 Q - 7 javelins of penetration
Armour
 G - a +2 robe of resistance (worn)
 I - a +1 cloak (worn)
 M - a +1 hat (worn)
Jewellery
 k - a ring of protection from fire (left hand)
 m - an uncursed amulet of the gourmand
 q - an uncursed amulet of dismissal
 v - an uncursed amulet of guardian spirit
 w - an uncursed ring of flight
 E - a ring of magical power (right hand)
 K - the amulet of the Burgomaster (around neck) {rF- rC++ MR+ Regen+ SInv}
   (You found it on level 9 of the Dungeon)

   [amulet of regeneration]

   It makes you vulnerable to fire.
   It greatly protects you from cold.
   It affects your resistance to hostile enchantments.
   It lets you see invisible.
   It increases your rate of regeneration.
Wands
 y - a wand of teleportation (3/9)
Scrolls
 b - 2 scrolls of magic mapping
 e - 7 scrolls of remove curse
 g - 2 scrolls of teleportation
 p - 5 scrolls of recharging
 H - a scroll of blinking
 N - 2 scrolls of immolation {unknown}
 P - 2 scrolls of fear
 S - a scroll of fog
 T - 2 scrolls of enchant weapon
Potions
 a - a potion of flight {unknown}
 h - a potion of agility {unknown}
 i - 6 potions of lignification
 l - 3 potions of curing
 o - 6 potions of heal wounds
 r - 5 potions of mutation
 t - a potion of haste {unknown}
 x - 2 potions of cancellation {unknown}
 z - a potion of berserk rage {unknown}
 A - 2 potions of magic {unknown}
 B - 4 potions of might {unknown}
 C - a potion of ambrosia {unknown}
 F - 2 potions of resistance
 R - a potion of invisibility {unknown}
Comestibles
 c - 10 bread rations
 f - 14 meat rations
 u - 2 slices of pizza
 L - 6 fruits
 O - a beef jerky
 X - 4 royal jellies


   Skills:
 + Level 11.4 Fighting
 - Level 15.0 Maces & Flails
 + Level 10.6 Throwing
 * Level 12.6 Dodging


You had 12 spell levels left.
You didn't know any spells.

Dungeon Overview and Level Annotations

Branches:
Dungeon (11/15)            Temple (0/1) D:6            Lair (4/6) D:11
 Shoals (0/4) Lair:2       Spider (0/4) Lair:3          Orc (0/2) D:9

Altars:
Dithmenos
Fedhas
Hepliaklqana
Kikubaaqudgha
Makhleb
Nemelex Xobeh
Okawaru
Sif Muna
Vehumet
Xom
Zin


Innate Abilities, Weirdness & Mutations

You are too large for most types of armour.
You have tough skin. (AC +1)


Message History

* * * LOW HITPOINT WARNING * * *
The entropy weaver hits you!
* * * LOW HITPOINT WARNING * * *
The entropy weaver hits you!
* * * LOW HITPOINT WARNING * * *
You hammer the entropy weaver like a gong!!!
You kill the entropy weaver!
Trog accepts your kill. Something appears at your feet! Trog grants you a gift!
Trog appreciates your killing of a magic user.
You hit the six-headed hydra.
The six-headed hydra is lightly wounded.
You barely miss the six-headed hydra.
The six-headed hydra is lightly wounded.
The six-headed hydra bites you!
* * * LOW HITPOINT WARNING * * *
The six-headed hydra completely misses you.
The six-headed hydra bites you!
You die...

##.a(. ##a.a #..... ...(.
a(.# ... ....#. #.a#..# ....
..P#.. #.a#### #.... ......
##.####†#.###....... ......
.......a...†...............
.......HaD.................
........#D..###...#...#.#..
....H....#.@.# ..##.P#.#..
#.......##..(###...#.....##.
........###..............#..
#.......##....+...#......#.
.#...........###...##.##.##.
........#.#.P##....#..#..#..
.........######.............
.P......#####..#............
............................


You could see a seven-headed hydra, a six-headed hydra, a hippogriff, a soldier
ant and 3 worker ants.

Vanquished Creatures
  An entropy weaver (Lair:4)
  Harold (Lair:1)
  3 hydras
  The ghost of retryentry the Carver, a novice DgFi (D:10)
  3 skeletal warriors (D:8)
  2 hill giants (D:10)
  Pikel (D:9)
  An orb spider (Lair:3)
  A manticore (D:11)
  An ugly thing (D:11)
  A gargoyle (D:11)
  Maurice (D:8)
  4 spiny frogs
  2 komodo dragons
  3 rime drakes (Lair:3)
  4 trolls
  A blink frog (Lair:2)
  A queen bee (Lair:3)
  A two-headed ogre (D:11)
  A spriggan (D:7)
  3 wyverns (Lair:3)
  A steam dragon (D:9)
  20 yaks
  A basilisk (Lair:1)
  3 hippogriffs
  Menkaure (D:5)
  4 soldier ants (Lair:4)
  4 porcupines
  8 water moccasins
  4 sky beasts
  An ice beast (D:8)
  A slave (D:9)
  A black bear (D:10)
  5 phantoms
  An eye of draining (D:9)
  4 ogres
  9 centaurs
  9 crocodiles
  8 wolves (Lair:3)
  The ghost of tstbtto the Slasher, an amateur HEFi (D:3)
  A gnoll sergeant (D:11)
  8 giant frogs
  4 scorpions
  20 killer bees (Lair:3)
  13 wights
  A howler monkey (D:3)
  3 electric eels (D:7)
  7 crimson imps
  A giant frog zombie (D:10)
  3 hounds
  6 orc priests
  2 giant frog skeletons
  2 jellies
  11 orc wizards
  15 worker ants
  3 iguanas
  A hell rat (Lair:3)
  A hound zombie (D:6)
  A hound skeleton (D:4)
  3 worker ant zombies
  13 gnolls
  12 adders
  12 river rats
  5 shadow imps
  2 oozes (D:5)
  An adder zombie (D:5)
  An adder skeleton (D:3)
  A worm (D:6)
  A dart slug (D:1)
  7 giant geckos
  28 orcs
  A ball python (D:7)
  2 giant cockroaches
  5 goblins
  15 hobgoblins
  6 jackals
  5 quokkas
  14 bats
  A giant gecko skeleton (D:4)
  8 giant newts
  5 kobolds
  10 rats
  3 fungi
  2 plants
389 creatures vanquished.

Vanquished Creatures (collateral kills)
  An entropy weaver (Lair:4)
  A queen ant (Lair:4)
  A hippogriff (Lair:3)
  5 water moccasins (Lair:3)
  A porcupine (Lair:3)
  6 wolves (Lair:3)
  2 giant frogs (Lair:3)
  4 killer bees (Lair:3)
  3 worker ants (Lair:4)
  3 river rats (Lair:3)
  A fungus (Lair:3)
28 creatures vanquished.

Vanquished Creatures (others)
  A water moccasin (Lair:2)
  A giant frog skeleton (D:9)
  5 fungi (Lair:3)
7 creatures vanquished.

Grand Total: 424 creatures vanquished

Notes
Turn   | Place    | Note
-------+----------+-------------------------------------------
     0 | D:1      | Geppetto the Ogre Berserker began the quest for the Orb.
     0 | D:1      | Reached XP level 1. HP: 24/24 MP: 1/1
   193 | D:1      | Reached XP level 2. HP: 28/32 MP: 2/2
   650 | D:1      | Reached XP level 3. HP: 35/41 MP: 3/3
   758 | D:1      | Found an iron altar of Okawaru.
   936 | D:1      | Reached ** piety under Trog
   936 | D:1      | Reached skill level 5 in Fighting
  1231 | D:2      | Reached skill level 5 in Maces & Flails
  1265 | D:2      | Found a hazy altar of Hepliaklqana.
  1266 | D:2      | Found a radiant altar of Vehumet.
  1267 | D:2      | Found a deep blue altar of Sif Muna.
  1268 | D:2      | Found a shadowy altar of Dithmenos.
  1268 | D:2      | Found a glowing silver altar of Zin.
  1270 | D:2      | Found a sparkling altar of Nemelex Xobeh.
  1271 | D:2      | Found an ancient bone altar of Kikubaaqudgha.
  1591 | D:2      | Found a burning altar of Makhleb.
  1783 | D:3      | Reached XP level 4. HP: 47/50 MP: 4/4
  1793 | D:3      | Found a faded altar of an unknown god.
  1826 | D:3      | Noticed tstbtto's ghost (amateur HEFi)
  1835 | D:3      | Killed tstbtto's ghost
  1835 | D:3      | Reached skill level 6 in Maces & Flails
  1835 | D:3      | Reached XP level 5. HP: 51/59 MP: 5/5
  2273 | D:3      | Reached skill level 7 in Maces & Flails
  2273 | D:3      | Reached XP level 6. HP: 37/67 MP: 6/6
  2483 | D:3      | You fall through a shaft for 3 floors!
  2491 | D:5      | Entered Level 5 of the Dungeon
  2559 | D:5      | Reached *** piety under Trog
  2832 | D:4      | Reached skill level 8 in Maces & Flails
  3124 | D:4      | Noticed a phantom
  3124 | D:4      | Reached XP level 7. HP: 78/78 MP: 7/7
  4069 | D:4      | Reached skill level 1 in Throwing
  4364 | D:4      | Reached skill level 9 in Maces & Flails
  4528 | D:4      | Noticed a hippogriff
  4537 | D:4      | Killed a hippogriff
  4537 | D:4      | Reached XP level 8. HP: 13/88 MP: 8/8
  4538 | D:4      | HP: 5/132 [gnoll/whip (9)]
  4898 | D:4      | Found a deep blue altar of Sif Muna.
  5112 | D:4      | Reached **** piety under Trog
  5379 | D:5      | Reached skill level 10 in Maces & Flails
  5718 | D:5      | Noticed Menkaure
  5730 | D:5      | Killed Menkaure
  6936 | D:6      | Found a blossoming altar of Fedhas.
  6945 | D:6      | Reached skill level 11 in Maces & Flails
  7309 | D:6      | Found a staircase to the Ecumenical Temple.
  7706 | D:6      | Reached XP level 9. HP: 98/98 MP: 9/9
  9965 | D:7      | Reached skill level 12 in Maces & Flails
 10239 | D:8      | Reached skill level 5 in Throwing
 10464 | D:8      | Reached ***** piety under Trog
 10464 | D:8      | Reached skill level 5 in Dodging
 10596 | D:8      | Reached XP level 10. HP: 67/107 MP: 10/10
 10769 | D:8      | Noticed a skeletal warrior
 10771 | D:8      | Noticed a skeletal warrior
 10771 | D:8      | Noticed a skeletal warrior
 10780 | D:8      | Killed a skeletal warrior
 11067 | D:8      | Killed a skeletal warrior
 11124 | D:8      | Killed a skeletal warrior
 11124 | D:8      | Reached skill level 13 in Maces & Flails
 11313 | D:8      | Noticed Maurice
 11323 | D:8      | Killed Maurice
 11486 | D:9      | Got a bound steel amulet
 11502 | D:9      | Found a staircase to the Orcish Mines.
 11517 | D:9      | Found a glowing silver altar of Zin.
 11749 | D:9      | Noticed Pikel
 11753 | D:9      | Killed Pikel
 11753 | D:9      | Reached XP level 11. HP: 60/115 MP: 11/11
 12088 | D:9      | Identified the amulet of the Burgomaster {rF- rC++ MR+ Regen+ SInv} (You found it on level 9 of the Dungeon)
 12484 | D:10     | Entered Level 10 of the Dungeon
 12487 | D:10     | Noticed retryentry's ghost (novice DgFi)
 12581 | D:10     | Killed retryentry's ghost
 12997 | D:10     | Identified a scroll of acquirement
 13060 | D:10     | Noticed a hill giant
 13069 | D:10     | Killed a hill giant
 13192 | D:10     | Reached skill level 14 in Maces & Flails
 13381 | D:10     | Noticed a hill giant
 13398 | D:10     | Killed a hill giant
 13876 | D:11     | Noticed a manticore
 13890 | D:11     | Killed a manticore
 14003 | D:11     | Found a staircase to the Lair.
 14401 | D:11     | Reached skill level 10 in Dodging
 14689 | D:11     | Noticed a purple ugly thing
 14697 | D:11     | Received a gift from Trog
 14700 | D:11     | Killed a purple ugly thing
 14700 | D:11     | Reached XP level 12. HP: 123/123 MP: 12/12
 14970 | Lair:1   | Entered Level 1 of the Lair of Beasts
 15014 | Lair:1   | Noticed Harold
 15020 | Lair:1   | Killed Harold
 15079 | Lair:1   | Noticed a seven-headed hydra
 15082 | Lair:1   | Killed a seven-headed hydra
 15318 | Lair:1   | Found a shimmering altar of Xom.
 15365 | Lair:1   | Noticed a five-headed hydra
 15372 | Lair:1   | Killed a five-headed hydra
 15420 | Lair:1   | Reached skill level 15 in Maces & Flails
 15690 | Lair:1   | Received a gift from Trog
 16491 | Lair:2   | Found a staircase to the Shoals.
 16852 | Lair:3   | Reached skill level 10 in Fighting
 16873 | Lair:3   | Received a gift from Trog
 17147 | Lair:3   | Reached skill level 10 in Throwing
 17203 | Lair:3   | Received a gift from Trog
 17330 | Lair:3   | Reached XP level 13. HP: 131/135 MP: 13/13
 17685 | Lair:3   | Found a hole to the Spider Nest.
 18409 | Lair:4   | Noticed an entropy weaver
 18435 | Lair:4   | Noticed an entropy weaver
 18441 | Lair:4   | Killed an entropy weaver
 18444 | Lair:4   | HP: 7/205 [entropy weaver (9)]
 18445 | Lair:4   | Killed an entropy weaver
 18445 | Lair:4   | Received a gift from Trog
 18447 | Lair:4   | HP: 3/205 [six-headed hydra (7)]
 18447 | Lair:4   | Mangled by a six-headed hydra

Vault maps used:
D:1:      lightli_arrival_statuegarden, okawaru_ov_weapons_minmay
D:2:      lightli_temple_of_fire, grunt_temple_overflow_open
D:3:      first_bread, ecumenical_altar_1, minmay_misc_feat_doors,
          kennysheep_pointless_box
D:4:      led_sif_book
D:5:      uniq_menkaure
D:6:      fedhas_bush_and_centaur_altar
D:7:      wad_lake_hut, the_bakery
D:8:      uniq_maurice
D:9:      orc_0_dummy, basic_altar, serial_park_tiny_1, uniq_pikel
D:11:     due_lair_maze_entry_diamond, st_stairs_2
Lair:1:   basic_altar, lemuel_fruit_tree, uniq_harold
Lair:2:   elwin_shoals_entry_rooms, lemuel_old_faithful
Lair:3:   regret_index_tunnel_blossom, nicolae_spider_entry_orb_guardian, pond
Lair:4:   minmay_another_anthill, grunt_megastairs_2, bh_autumn_forest_stairs

Skill      XL: |  1  2  3  4  5  6  7  8  9 10 11 12 13 |
---------------+----------------------------------------+-----
Fighting       | 5 6 7 9 10 11 | 11.4
Maces & Flails | 5 6 7 8 9 11 12 13 14 15 | 15.0
Throwing       | 2 4 5 7 8 10 | 10.6
Dodging        | 5 8 10 11 12 | 12.6

Action                   |  1- 3 |  4- 6 |  7- 9 | 10-12 | 13-15 || total
-------------------------+-------+-------+-------+-------+-------++-------
Melee: Mace              |   113 |   108 |       |       |       ||   221
       Morningstar       |       |    19 |    63 |       |       ||    82
       Great mace        |       |       |   129 |       |       ||   129
       Giant club        |       |       |    90 |   493 |    89 ||   672
Throw: Stone             |       |       |   264 |   376 |    29 ||   669
       Javelin           |       |       |       |    15 |    61 ||    76
       Large rock        |       |       |       |    10 |     2 ||    12
Invok: Berserk           |       |     5 |     6 |     9 |     1 ||    21
       Brothers in Arms  |       |       |       |     3 |     2 ||     5
       Burn Spellbooks   |       |       |       |       |     1 ||     1
       Trog's Hand       |       |       |       |       |     1 ||     1
  Use: Scroll            |     5 |     3 |     9 |    13 |     2 ||    32
       Potion            |       |       |       |     2 |       ||     2
 Stab: Sleeping          |       |       |       |     1 |       ||     1
  Eat: Chunk             |     2 |     9 |    19 |    23 |     4 ||    57
       Bread ration      |       |       |     2 |     1 |       ||     3
       Fruit             |       |       |     2 |     3 |       ||     5
       Pizza             |       |       |     1 |       |       ||     1
       Beef jerky        |       |       |       |     1 |       ||     1
Armor: Animal skin       |    35 |    27 |    40 |       |       ||   102
       Robe              |       |       |     4 |    70 |    17 ||    91
       Skin              |       |       |       |     9 |       ||     9
Dodge: Dodged            |    70 |    54 |   141 |   354 |    51 ||   670
